 Dungeon Crawl Stone Soup version 0.29.1-2-gbd0b4ee654 (webtiles) character file.

Game seed: 11250028278080231198

0 xian the Trooper (level 1, -2/18 HPs)
             Began as a Demonspawn Abyssal Knight on Nov 13, 2022.
             Was a Follower of Lugonu.
             Slain by a quokka (4 damage)
             ... on level 1 of the Dungeon.
             The game lasted 00:00:58 (144 turns).

xian the Trooper (Demonspawn Abyssal Knight)         Turns: 144, Time: 00:00:59

Health: -2/18      AC:  3    Str: 13    XL:     1   Next: 0%
Magic:  2/2        EV: 11    Int: 11    God:    Lugonu [*.....]
Gold:   0          SH:  0    Dex: 13    Spells: 0/0 levels left

rFire   . . .      SeeInvis .   a - +1 short sword
rCold   . . .      Faith    .   (no shield)
rNeg    . . .      Spirit   .   b - +0 leather armour
rPois   .          Reflect  .   (no helmet)
rElec   .          Harm     .   (no cloak)
rCorr   .          Rampage  .   (no gloves)
Will    .....                   (no boots)
Stlth   +.........              (no amulet)
HPRegen 0.06/turn               (no ring)
MPRegen 0.08/turn               (no ring)

@: no status effects
A: no striking features
a: Renounce Religion, Depart the Abyss


You were on level 1 of the Dungeon.
You worshipped Lugonu.
Lugonu was aware of your devotion.
You visited 1 branch of the dungeon, and saw 1 of its levels.
You visited the Abyss 1 time.

Inventory:

Hand Weapons
 a - a +1 short sword (weapon)
Armour
 b - a +0 leather armour (worn)


   Skills:
 + Level 3.0 Fighting
 + Level 1.7 Short Blades
 + Level 1.7 Armour
 + Level 0.8 Dodging
 + Level 2.4 Invocations


You couldn't memorise any spells.
You didn't know any spells.
Your spell library was empty.

Dungeon Overview and Level Annotations

Branches:
Dungeon (1/15)

Altars:


Message History

The giant cockroach is lightly wounded.
The giant cockroach bites you. The quokka closely misses you.
You hit the giant cockroach but do no damage.
The giant cockroach is lightly wounded.
The giant cockroach closely misses you.
The quokka bites you but does no damage.
You hit the giant cockroach.
The giant cockroach is moderately wounded.
The quokka barely misses you. The giant cockroach barely misses you.
The quokka bites you but does no damage.
The giant cockroach barely misses you.
You barely miss the giant cockroach.
The giant cockroach is moderately wounded.
The quokka barely misses you.
The giant cockroach bites you but does no damage.
You hit the giant cockroach but do no damage.
The giant cockroach is moderately wounded.
The quokka bites you. The giant cockroach misses you.
You hit the giant cockroach.
The giant cockroach is severely wounded.
The quokka closely misses you. The giant cockroach bites you.
You hit the giant cockroach.
The giant cockroach is almost dead.
The quokka closely misses you. The giant cockroach bites you.
You barely miss the giant cockroach.
The giant cockroach is almost dead.
The quokka closely misses you. The giant cockroach bites you.
* * * LOW HITPOINT WARNING * * *
The quokka bites you.
* * * LOW HITPOINT WARNING * * *
The giant cockroach bites you but does no damage.
You barely miss the giant cockroach.
The giant cockroach is severely wounded.
The quokka barely misses you.
The giant cockroach bites you but does no damage.
You hit the giant cockroach.
You kill the giant cockroach!
Lugonu accepts your kill. The quokka bites you.
You die...

..........
###........#
.###...[.......
..[............
#..[.......
#..........
#..B###########
##r.#.........#
##@#...###...#
#.'...#รท#.<.#
###...###(..#
#.........#
###########


You could see a quokka and a giant cockroach.

Vanquished Creatures
  A giant cockroach (D:1)
1 creature vanquished.

Notes
Turn   | Place    | Note
-------+----------+-------------------------------------------
     0 | Abyss:1  | xian the Demonspawn Abyssal Knight began the quest for the
                  | Orb.
     0 | Abyss:1  | Reached XP level 1. HP: 18/18 MP: 2/2
    43 | Abyss:1  | Noticed a spriggan defender zombie
    56 | Abyss:1  | Found a corrupted altar of Lugonu.
    70 | Abyss:1  | Noticed an orange demon
    92 | Abyss:1  | Noticed a ynoxinul
    99 | D:1      | Escaped the Abyss
   144 | D:1      | Slain by a quokka

Illustrated notes

Levels and vault maps discovered:
D:1:      nicolae_arrival_memento_mori, layout_rooms

Action                   || total
-------------------------++-------
Melee: Short sword       ||    14
Invok: Depart the Abyss  ||     1
Armor: Leather armour    ||     8
Dodge: Dodged            ||    13
